 Dungeon Crawl Stone Soup version 0.30-a0-760-g5a9884bb7c (webtiles) character file.

Game seed: 17798182816364717496

600 Mickster the Chopper (level 6, -1/51 HPs)
             Began as a Demigod Fighter on Feb 11, 2023.
             Slain by a gnoll sergeant
             ... wielding a +0 trident
              (6 damage)
             ... on level 5 of the Dungeon.
             The game lasted 00:43:49 (3464 turns).

Mickster the Chopper (Demigod Fighter)              Turns: 3464, Time: 00:43:50

Health: -1/51      AC: 11    Str: 25    XL:     6   Next: 96%
Magic:  8/8        EV:  8    Int: 12    God:
Gold:   211        SH:  0    Dex: 13    Spells: 5/5 levels left

rFire   . . .      SeeInvis .    m - +8 quarterstaff of the Bedazzling Fox {heavy, Fly Int+2}
rCold   . . .      Faith    .    (shield currently unavailable)
rNeg    . . .      Spirit   .    i - +1 chain mail
rPois   +          Reflect  .    (no helmet)
rElec   .          Harm     .    (no cloak)
rCorr   .          Rampage  .    (no gloves)
Will    .....                    h - +0 pair of boots Stlth
                                 (no amulet)
HPRegen 0.28/turn                o - ring of poison resistance
MPRegen 0.11/turn                (no ring)

@: flying
A: high MP 1, forlorn, divine attributes
a: no special abilities


You were on level 5 of the Dungeon.
You visited 1 branch of the dungeon, and saw 5 of its levels.

You collected 211 gold pieces.

Inventory:

Hand Weapons
 a - a +0 war axe of freezing
 e - a +0 falchion
 j - a +0 sling
 l - a +3 trident
 m - the +8 quarterstaff of the Bedazzling Fox (weapon) {heavy, Fly Int+2}
   (You found it on level 4 of the Dungeon)

   Int:       It affects your intelligence (+2).
   Fly:       It grants you flight.
 t - a +0 shortbow
Armour
 b - a +1 scale mail
 c - a +0 buckler
 h - a +0 pair of boots (worn)
 i - a +1 chain mail (worn)
Jewellery
 o - a ring of poison resistance (left hand)
Wands
 r - a wand of paralysis (6)
Scrolls
 f - a scroll of butterflies
 k - 5 scrolls of identify
 n - a scroll of fear
 q - 2 scrolls of teleportation
Potions
 g - 2 potions of invisibility (quivered)
 p - a potion of haste {unknown}
 s - a potion of flight


   Skills:
 + Level 3.4 Fighting
 - Level 4.2(4.3) Axes
 - Level 1.2(3.6) Polearms
 + Level 3.0(3.1) Staves
 + Level 4.2 Armour
 + Level 0.8 Dodging
 + Level 3.1 Shields


You had 5 spell levels left.
You didn't know any spells.
Your spell library contained the following spells:

 Spells                   Type           Power      Damage    Failure   Level
 Kindle Blastsparks       Fire/Tloc/Air  0%         2d10      100%        3
 Fulminant Prism          Conj/Hex       0%         3d5       100%        4
 Iskenderun's Mystic Bla  Conj/Tloc      0%         2d3       100%        4
 Lee's Rapid Deconstruct  Erth           0%         3d4*      100%        5


Dungeon Overview and Level Annotations

Branches:
Dungeon (5/15)             Temple (0/1) D:4


Innate Abilities, Weirdness & Mutations

You have an increased reservoir of magic. (+10% MP)
You shall have no god before yourself.
Your divine heritage dramatically boosts your attributes as you level up.


Message History

The orc barely misses your butterfly.
The river rat bites you but does no damage.
The gnoll sergeant hits you with a +0 trident.
* * * LOW HITPOINT WARNING * * *
You bludgeon the orc!!
You kill the orc!
The river rat bites you.
* * * LOW HITPOINT WARNING * * *
The river rat bites you but does no damage.
The gnoll sergeant hits you with a +0 trident.
* * * LOW HITPOINT WARNING * * *
The river rat closely misses you. The orc misses your butterfly.
The gnoll sergeant barely misses you. The river rat bites you!
* * * LOW HITPOINT WARNING * * *
You feel better. The river rat completely misses you.
The river rat bites you but does no damage.
The gnoll sergeant closely misses you.
You swap places.
The orc hits something with a +0 falchion.
The gnoll sergeant barely misses you. The river rat bites you!
* * * LOW HITPOINT WARNING * * *
The orc hits your butterfly with a +0 short sword.
Your butterfly dies!
Your butterfly disappears in a burst of colours!
The river rat bites you but does no damage.
You swap places.
The orc hits your butterfly with a +0 short sword.
Your butterfly dies!
Your butterfly disappears in a burst of colours!
You barely miss the river rat.
Your butterfly disappears in a burst of colours!
The river rat bites you.
* * * LOW HITPOINT WARNING * * *
The gnoll sergeant hits you from afar with a +0 trident.
* * * LOW HITPOINT WARNING * * *
You closely miss the river rat.
Your butterfly disappears in a burst of colours!
The river rat barely misses you.
The gnoll sergeant hits you from afar with a +0 trident.
You die...

♣♣ .............# .♣.♣
#######'##...# .♣♣ ...♣
###.##...# ...♣♣....♣♣#
#...#....'
....♣..PP.######'###....#
..♣.... ♣.P........##....#
♣...§§§♣§♣♣........##.####
....#§§g♣♣.........+..#...
♣....borr@#....†.!†####...
.♣#.b.#o♣##........# #...
..b..b..♣ #........# #...
.♣..b...P #........# #...
.....b..P #........# #...
..#...#.♣P#........# #...
♣.......♣.#........# #..
8..#....P##.####### #.. #.
.


You could see a gnoll sergeant, 2 river rats and 2 orcs.

Vanquished Creatures
  Eustachio (D:4)
  A centaur (D:5)
  A necrophage (D:5)
  A killer bee (D:4)
  2 hounds
  An iguana (D:5)
  A gnoll (D:5)
  10 adders
  3 dart slugs
  A worm (D:4)
  4 orcs
  9 bats
  5 endoplasms
  8 goblins
  6 hobgoblins
  9 jackals
  5 kobolds
  2 quokkas (D:4)
  8 ball pythons
  5 frilled lizards
  4 rats
87 creatures vanquished.

Vanquished Creatures (others)
  33 plants (D:5)
33 creatures vanquished.

Grand Total: 120 creatures vanquished

Notes
Turn   | Place    | Note
-------+----------+-------------------------------------------
     0 | D:1      | Mickster the Demigod Fighter began the quest for the Orb.
     0 | D:1      | Reached XP level 1. HP: 18/18 MP: 3/3
   137 | D:1      | Reached XP level 2. HP: 24/25 MP: 4/4
  1060 | D:2      | Reached XP level 3. HP: 30/30 MP: 5/5
  2138 | D:4      | Reached XP level 4. HP: 28/38 MP: 6/6
  2146 | D:4      | Identified the +8 quarterstaff of the Bedazzling Fox
                  | {heavy, Fly Int+2}
  2360 | D:4      | Found a staircase to the Ecumenical Temple.
  3046 | D:4      | Noticed Eustachio
  3056 | D:4      | Reached XP level 5. HP: 40/45 MP: 7/7
  3058 | D:4      | Reached skill level 1 in Staves
  3080 | D:4      | Killed Eustachio
  3081 | D:4      | Reached XP level 6. HP: 38/51 MP: 8/8
  3347 | D:5      | Entered Level 5 of the Dungeon
  3385 | D:5      | Reached skill level 1 in Polearms
  3464 | D:5      | Slain by a gnoll sergeant

Illustrated notes

Levels and vault maps discovered:
D:1:      dpeg_arrival_lava_altar, layout_basic, hangedman_glass_teeth,
          serial_park_tiny_1, serial_bayou_pond_e
D:2:      layout_rooms, minmay_misc_feat_rugged
D:3:      minmay_chambers_of_twos, layout_loops_corners,
          evilmike_ruin_ashenzari, nicolae_overflow_crystal_walls, minmay_cupped
D:4:      layout_basic, kennysheep_orc_sif_temple, lemuel_crystal_altar,
          minmay_temple_entry_mist, wad_rectangle_vault, uniq_eustachio
D:5:      wad_woods_stonehenge, layout_basic, lemuel_doored_altar,
          serial_bayou_pond_a

Skill      XL: |  1  2  3  4  5  6 |
---------------+-------------------+-----
Axes           | 2 3 4 |  4.2
Shields        | 3 |  3.1
Fighting       | 3 |  3.4
Armour         | 3 4 |  4.2
Staves         | 2 3 |  3.0
Polearms       | 1 |  1.2
Dodging        | |  0.8

Action                     |  1- 3 |  4- 6 || total
---------------------------+-------+-------++-------
  Melee: War axe           |   130 |       ||   130
         Trident           |     8 |     2 ||    10
         Quarterstaff      |       |    88 ||    88
  Evoke: Wand              |       |     1 ||     1
    Use: Scroll            |    10 |     3 ||    13
         Potion            |     5 |     4 ||     9
 Armour: Scale mail        |    57 |       ||    57
         Chain mail        |    31 |   137 ||   168
  Dodge: Dodged            |   104 |    80 ||   184
  Block: Buckler           |    47 |     1 ||    48

Table legend: (Time is in decaauts)
 A = Elapsed time spent in this place.
 B = Non-inter-level travel time spent in this place.
 C = Inter-level travel time spent in this place.
 D = Time resting spent in this place.
 E = Time spent auto-exploring this place.
 F = Levels seen in this place.
 G = Mean time per level.
                   A        B        C        D        E       F      G
               +--------+--------+--------+--------+--------+-----+--------+
         Total |   3592 |   3178 |    414 |    634 |      0 |   5 |  718.4 |
       Dungeon |   3592 |   3178 |    414 |    634 |      0 |   5 |  718.4 |
               +--------+--------+--------+--------+--------+-----+--------+

Top non-repeatable levels by time:
     D:4: 1271 daAuts
     D:1: 1023 daAuts
     D:3: 657 daAuts
     D:2: 507 daAuts
     D:5: 133 daAuts
